 Dungeon Crawl Stone Soup version 0.24-a0-584-g9d6b971ae4 (webtiles) character file.

Game seed: 12781019277135398326, levelgen mode: deterministic

46 Mithandil the Skirmisher (level 3, -3/29 HPs)
             Began as a Demonspawn Abyssal Knight on Sept 4, 2019.
             Was a Believer of Lugonu.
             Slain by an orc priest
             ... wielding a +0 hand axe
              (5 damage)
             ... on level 3 of the Dungeon.
             The game lasted 00:06:41 (944 turns).

Mithandil the Skirmisher (Demonspawn Abyssal Knight) Turns: 944, Time: 00:06:41

Health: -3/29      AC:  3    Str: 13    XL:     3   Next: 46%
Magic:  14/14      EV: 11    Int: 13    God:    Lugonu [**....]
Gold:   20         SH:  0    Dex: 12    Spells: 2/2 levels left

rFire    . . .     SeeInvis .   a - +3 dagger (drain)
rCold    . . .     Gourm    .   (no shield)
rNeg     . . .     Faith    .   h - +0 leather armour
rPois    .         Spirit   .   (no helmet)
rElec    .         Reflect  .   d - scarf {cloud immunity}
rCorr    .         Harm     .   (no gloves)
MR       .....                  (no boots)
Stlth    +.........             (no amulet)
HPRegen  0.09/turn              g - ring of magical power
MPRegen  0.14/turn              (no ring)

@: lightly drained
A: talons 1, powered by pain 1
a: Depart the Abyss, Bend Space, Renounce Religion


You were on level 3 of the Dungeon.
You worshipped Lugonu.
Lugonu was pleased with you.
You were not hungry.

You visited 1 branch of the dungeon, and saw 3 of its levels.
You visited the Abyss 1 time.

You collected 20 gold pieces.

Inventory:

Hand Weapons
 a - a +3 dagger of draining (weapon)
 b - a +2 hand axe of electrocution
 k - a +1 spear
 n - a +0 dagger of venom
Missiles
 e - 57 stones (quivered)
 m - 6 silver javelins
Armour
 d - a scarf of cloud immunity (worn)
 h - a +0 leather armour (worn)
Jewellery
 g - a ring of magical power (left hand)
Scrolls
 j - a scroll of enchant armour
Comestibles
 c - 3 rations
 f - a chunk of flesh


   Skills:
 + Level 3.1(2.9) Fighting
 * Level 0.1(0.0) Short Blades
 + Level 0.9(1.4) Axes
 - Level 2.1(2.0) Polearms
 + Level 1.9(1.7) Armour
 + Level 1.2(1.0) Dodging
 + Level 0.9(0.7) Stealth
 + Level 0.4(0.2) Unarmed Combat
 + Level 3.0(2.8) Invocations


You had 2 spell levels left.
You didn't know any spells.
Your spell library was empty.

Dungeon Overview and Level Annotations

Branches:
Dungeon (3/15)

Altars:


Innate Abilities, Weirdness & Mutations

You have sharp toenails.
You sometimes gain a little power by taking damage.


Message History

* * * LOW HITPOINT WARNING * * *
You puncture the orc!
You kill the orc!
Lugonu accepts your kill.
The orc wizard casts a spell.
The orc wizard flickers and vanishes!
Deactivating autopickup; reactivate with Ctrl-A.
The frilled lizard closely misses you.
You barely miss the frilled lizard.
A puff of flame appears from out of thin air!
The puff of flame hits you.
* * * LOW HITPOINT WARNING * * *
The frilled lizard barely misses you.
You hit the frilled lizard.
You kill the frilled lizard!
Lugonu accepts your kill.
You can now bend space around yourself.
You hit the orc priest. Your kick misses the orc priest.
The orc priest is lightly wounded.
The orc priest hits you with a +0 hand axe.
You die...

........#.......
........#.......
........#.......
........#.......
........#......
.............
#...o..##
+....@.<#
#....†.##
+.......#
#.......#
.........#
#..........
.............
..............


You could see an orc priest.

Vanquished Creatures
  An adder (D:2)
  2 dart slugs (D:1)
  A leopard gecko (D:1)
  2 orcs (D:3)
  2 giant cockroaches
  3 goblins (D:1)
  5 kobolds (D:1)
  8 bats
  3 frilled lizards
  3 rats (D:1)
30 creatures vanquished.

Notes
Turn   | Place    | Note
-------+----------+-------------------------------------------
     0 | Abyss:1  | Mithandil the Demonspawn Abyssal Knight began the quest for
                  | the Orb.
     0 | Abyss:1  | Reached XP level 1. HP: 18/18 MP: 2/2
    62 | Abyss:1  | Noticed an efreet
    63 | D:1      | Escaped the Abyss
   138 | D:1      | Reached skill level 1 in Dodging
   146 | D:2      | Reached * piety under Lugonu
   146 | D:2      | Gained mutation: You have sharp toenails. [demonic
                  | ancestry]
   146 | D:2      | Reached XP level 2. HP: 24/24 MP: 3/3
   266 | D:1      | Gained mutation: You sometimes gain a little power by
                  | taking damage. [demonic ancestry]
   266 | D:1      | Reached XP level 3. HP: 25/29 MP: 5/5
   943 | D:3      | Reached ** piety under Lugonu
   944 | D:3      | Slain by an orc priest

Levels and vault maps discovered:
D:1:      minmay_arrival_statue_studded, layout_rooms, serial_curves,
          eino_curves_03, eino_curves_04
D:2:      minmay_chambers_of_twos, layout_basic, first_ration,
          uniq_crazy_yiuf_cottage
D:3:      layout_basic, uniq_terence, uniq_sigmund

Skill      XL: |  1  2  3 |
---------------+----------+-----
Dodging        | 1 |  1.2
Polearms       | 2 |  2.1
Invocations    | 3 |  3.0
Fighting       | |  3.1
Short Blades   | |  0.1
Axes           | |  0.9
Armour         | |  1.9
Stealth        | |  0.9
Unarmed Combat | |  0.4

Action                   || total
-------------------------++-------
Melee: Hand axe          ||    40
       Spear             ||     4
       Kick              ||     9
       Dagger            ||    14
Invok: Depart the Abyss  ||     1
  Use: Potion            ||     3
       Scroll            ||     5
 Stab: Sleeping          ||     1
Armor: Leather armour    ||    17
Dodge: Dodged            ||    36

Table legend:
 A = Non-vault XP
 B = Vault XP
 C = Vault XP percentage of total XP
 D = Non-vault monster count
 E = Vault monster count
 F = Vault count percentage of total count
                 A         B        C        D         E       F
            +---------+---------+-------+---------+---------+-------
      Total |      67 |       0 |   0.0 |      30 |       0 |   0.0
            +---------+---------+-------+---------+---------+-------
        D:1 |      42 |       0 |   0.0 |      23 |       0 |   0.0
        D:2 |      18 |       0 |   0.0 |       4 |       0 |   0.0
        D:3 |       7 |       0 |   0.0 |       3 |       0 |   0.0
            +---------+---------+-------+---------+---------+-------
